 Dungeon Crawl Stone Soup version 0.31-a0-889-g1a8549509d (webtiles) character file.

Game seed: 4965147982844722336

2079 promet the Cleaver (level 9, -2/82 HPs)
             Began as a Hill Orc Fighter on Oct 16, 2023.
             Was an Initiate of Hepliaklqana.
             Slain by a sky beast (5 damage)
             ... on level 6 of the Dungeon.
             The game lasted 00:25:43 (7015 turns).

promet the Cleaver (Hill Orc Fighter)               Turns: 7015, Time: 00:25:43

Health: -2/82      AC:  3    Str: 19 (21) XL:     9   Next: 26%
Magic:  9/9        EV: 10    Int:  8 (10) God:    Hepliaklqana [......]
Gold:   245        SH:  4    Dex:  8 (10) Spells: 8/8 levels left

rFire   . . .        a - +0 war axe
rCold   . . .        p - +0 buckler
rNeg    . . .        h - +2 ring mail {rPois}
rPois   +            (no helmet)
rElec   .            (no cloak)
rCorr   .            u - +1 pair of gloves
SInv    .            q - +0 pair of boots
Will    +....        x - amulet of regeneration
Stlth   +            g - +4 ring of slaying
HPRegen 1.13/turn    (no ring)
MPRegen 0.11/turn

%: no passive effects
@: mighty, corroded, enlightened, flying
A: no striking features
a: Renounce Religion


You were on level 6 of the Dungeon.
You worshipped Hepliaklqana.
Hepliaklqana was noncommittal.
You visited 2 branches of the dungeon, and saw 8 of its levels.

You collected 245 gold pieces.

Inventory:

Hand Weapons
 a - a +0 war axe (weapon)
 b - a +2 sling of flaming
 c - a +0 rapier
 t - a +0 flail
 y - a +0 spear
Missiles
 f - 45 stones
 j - 14 poisoned darts (quivered)
 v - 6 javelins
 w - 8 boomerangs
Armour
 h - a +2 ring mail of poison resistance (worn)
 p - a +0 buckler (worn)
 q - a +0 pair of boots (worn)
 u - a +1 pair of gloves (worn)
Jewellery
 g - a +4 ring of slaying (left hand)
 n - an amulet of reflection
 x - an amulet of regeneration (around neck)
 C - a ring of see invisible
 G - a ring of protection from fire
Wands
 F - a wand of polymorph (8)
Scrolls
 l - 2 scrolls of fog
 r - a scroll of teleportation
 D - a scroll of torment
 E - a scroll of revelation
Potions
 e - a potion of cancellation {unknown}
 i - 2 potions of heal wounds {unknown}
 k - a potion of attraction
 m - a potion of degeneration
 o - a potion of magic {unknown}
 s - a potion of enlightenment
 z - 2 potions of curing {unknown}
 A - a potion of invisibility {unknown}
 B - a potion of mutation {unknown}


   Skills:
 * Level 8.3 Fighting
 + Level 9.0 Axes
 + Level 4.7 Ranged Weapons
 + Level 5.2 Armour
 + Level 1.9 Dodging
 + Level 0.6 Stealth
 + Level 4.3 Shields


You had 8 spell levels left.
You didn't know any spells.
Your spell library contained the following spells:

 Spells                   Type           Power      Damage    Failure   Level
 Cigotuvi's Dreadful Rot  Necr/Pois/Air  0%         N/A       80%         2
 Ensorcelled Hibernation  Hex/Ice        0%         N/A       80%         2
 Passwall                 Tmut/Erth      0%         N/A       80%         2
 Poisonous Vapours        Pois/Air       0%         N/A       80%         2
 Ignite Poison            Fire/Tmut/Pois 0%         N/A       95%         3
 Mephitic Cloud           Conj/Pois/Air  0%         N/A       95%         3
 Ozocubu's Armour         Ice            0%         N/A       95%         3
 Swiftness                Air            0%         N/A       95%         3
 Freezing Cloud           Conj/Ice/Air   0%         6-21      100%        5
 Ozocubu's Refrigeration  Ice            0%         4d7       100%        7


Dungeon Overview and Level Annotations

Branches:
Dungeon (7/15)             Temple (1/1) D:6

Altars:
Cheibriados
Elyvilon
Fedhas
Gozag
Hepliaklqana
Kikubaaqudgha
Makhleb
Sif Muna
Uskayaw
Xom
Yredelemnul
Zin
The Shining One

Shops:
D:2 *

Annotations:
D:2 2 transporters


Message History

You are splashed with acid!
* * * LOW HITPOINT WARNING * * *
The orc wizard barely misses you.
The orc wizard mumbles some strange words.
The orc wizard flickers and vanishes!
The sky beast hits you.
* * * LOW HITPOINT WARNING * * *
The sky beast shocks you.
* * * LOW HITPOINT WARNING * * *
You climb upwards.
Reactivating autopickup.
There is a stone staircase leading down here.
Okay, then.
It was a potion of enlightenment.
You feel very buoyant.
You fly up into the air.
The jelly hits you but does no damage.
The orc wizard hits you but does no damage.
The sky beast hits you but does no damage.
You hit the sky beast.
The sky beast is heavily wounded.
You hit the jelly.
Your hands burn!
* * * LOW HITPOINT WARNING * * *
You barely miss the orc wizard. The jelly closely misses you.
The orc wizard hits you with a +0 dagger.
* * * LOW HITPOINT WARNING * * *
You block the sky beast's attack.
You slash the jelly!
You kill the jelly!
You hit the sky beast. You slash the orc wizard!
The orc wizard hits you with a +0 dagger.
* * * LOW HITPOINT WARNING * * *
The sky beast barely misses you.
You closely miss the sky beast.
The sky beast is severely wounded.
You barely miss the orc wizard. The orc wizard closely misses you.
The sky beast flickers out of sight!
Deactivating autopickup; reactivate with Ctrl-A.
Something hits you.
* * * LOW HITPOINT WARNING * * *
Something shocks you.
You die...

#...# #.# ##.##.# ##.##
#.###)#.#..
#.#############....###.##
#.^.............###.#.###
#.###..######.>[.........
#.# #..# #.#)####.###. #.#
#..######.#.# #.# #.
####.###..o....#.#.####.# #.
#....#.....@{...........###.
#.####.#.####...##.###..##.#
#.# #.#.........#.# #....##
#.# #.#####.....#.###...#.#
#.# #.# #)......##.....#.
#.# #.# #.....###........
#.####.# #.###............
#<.....# #.# #####........
######## #.# ####......#


You could see an orc wizard.

Vanquished Creatures
  2 ice beasts (D:6)
  2 sky beasts
  A black bear (D:6)
  3 centaurs
  A bullfrog (D:7)
  6 phantoms
  2 scorpions
  A howler monkey (D:6)
  2 hounds
  2 sleepcaps
  5 orc priests
  3 jellies
  4 iguanas
  An orc wizard (D:6)
  5 gnolls
  9 adders
  A white imp (D:7)
  2 ufetubi (D:6)
  A worm (D:3)
  3 dart slugs
  9 orcs
  9 endoplasms
  3 giant cockroaches
  9 goblins
  4 hobgoblins
  5 jackals
  A quokka (D:5)
  A ball python (D:1)
  3 bats
  4 frilled lizards
  6 kobolds
  6 rats
116 creatures vanquished.

Vanquished Creatures (others)
  An angel (D:4)
1 creature vanquished.

Grand Total: 117 creatures vanquished

Notes
Turn   | Place    | Note
-------+----------+-------------------------------------------
     0 | D:1      | promet the Hill Orc Fighter began the quest for the Orb.
     0 | D:1      | Reached XP level 1. HP: 19/19 MP: 1/1
   183 | D:1      | Reached XP level 2. HP: 24/27 MP: 2/2
   521 | D:1      | Reached skill level 3 in Axes
   663 | D:1      | Reached XP level 3. HP: 33/33 MP: 3/3
   860 | D:1      | Found a faded altar of an unknown god.
  1382 | D:2      | Found a transporter.
  1933 | D:2      | Reached XP level 4. HP: 41/41 MP: 4/4
  1950 | D:2      | Found a transporter.
  1950 | D:2      | Found Oguwiwk's General Store.
  2178 | D:2      | You fall into a shaft and drop 2 floors!
  2178 | D:3      | Identified the of Feufeqof
  2178 | D:3      | Identified the "Laumpoga"
  2178 | D:3      | Identified the "Gicuaplaot"
  2226 | D:3      | Reached skill level 1 in Ranged Weapons
  2479 | D:3      | Reached skill level 4 in Axes
  2499 | D:3      | Reached XP level 5. HP: 47/47 MP: 5/5
  3256 | D:3      | Found a shimmering blue altar of Sif Muna.
  3461 | D:4      | Found a blossoming altar of Fedhas.
  3469 | D:4      | Found a glowing silver altar of Zin.
  3486 | D:4      | Noticed an angel
  3504 | D:4      | Noticed a phantom
  3515 | D:4      | Killed a phantom
  3516 | D:4      | Reached skill level 5 in Axes
  3516 | D:4      | Reached XP level 6. HP: 52/55 MP: 6/6
  3605 | D:4      | Found an opulent altar of Gozag.
  3635 | D:4      | Found a shimmering altar of Xom.
  3858 | D:4      | Reached skill level 5 in Fighting
  3919 | D:4      | Found a white marble altar of Elyvilon.
  4019 | D:4      | Killed an angel
  4066 | D:5      | Entered Level 5 of the Dungeon
  4231 | D:5      | Reached XP level 7. HP: 60/61 MP: 7/7
  4244 | D:5      | Reached skill level 6 in Axes
  4836 | D:6      | Reached skill level 7 in Axes
  4836 | D:6      | Reached skill level 1 in Dodging
  5052 | D:6      | Reached XP level 8. HP: 48/70 MP: 8/8
  5520 | D:5      | Reached skill level 8 in Axes
  5665 | D:6      | Found a staircase to the Ecumenical Temple.
  5674 | Temple   | Entered the Ecumenical Temple
  5745 | Temple   | Became a worshipper of Hepliaklqana the Forgotten
  5918 | D:6      | Reached skill level 5 in Armour
  6016 | D:6      | Found a snail-covered altar of Cheibriados.
  6444 | D:7      | Reached XP level 9. HP: 73/79 MP: 9/9
  6527 | D:7      | Noticed a boulder beetle
  6965 | D:7      | Reached skill level 9 in Axes
  7010 | D:7      | HP: 3/81 [sky beast (6)]
  7015 | D:6      | HP: 3/82 [something (2)]
  7015 | D:6      | Slain by a sky beast

Illustrated notes

Levels and vault maps discovered:
D:1:      wander_arrival_peaceful_grave, layout_loops_ring,
          chequers_ecumenical_altar_simple, minmay_pentomino_q4
D:2:      layout_basic, serial_shops, nicolae_shop_drivethru
D:3:      layout_loops_corners, led_sif_pool
D:4:      layout_cave_pools, grunt_temple_overflow_order_and_chaos_1,
          nicolae_elyvilon_peaceful_grove, fedhas_altar_1,
          nicolae_gozag_seed_capital, minmay_quantized
D:5:      layout_loops_ring, minivault_25
D:6:      layout_loops_ring, general_overflow_altar,
          minmay_temple_entry_junction, chequers_ossuary_entry_cave
D:7:      layout_basic, okawaru_metal_pillars_1_2, grunt_potential
Temple:   nicolae_temple_superstar

Skill      XL: |  1  2  3  4  5  6  7  8  9 |
---------------+----------------------------+-----
Fighting       | 4 5 6 7 8 |  8.3
Axes           | 3 4 5 7 8 9 |  9.0
Ranged Weapons | 1 2 4 |  4.7
Armour         | 4 5 |  5.2
Shields        | 4 |  4.3
Dodging        | 1 |  1.9
Stealth        | |  0.6

Action                     |  1- 3 |  4- 6 |  7- 9 || total
---------------------------+-------+-------+-------++-------
  Melee: War axe           |    89 |    88 |   117 ||   294
   Fire: Sling             |    19 |    22 |    65 ||   106
  Throw: Dart              |     1 |       |       ||     1
    Use: Scroll            |     4 |     9 |     2 ||    15
         Potion            |       |       |     3 ||     3
 Armour: Scale mail        |    56 |    22 |       ||    78
         Ring mail         |       |    38 |   132 ||   170
  Dodge: Dodged            |    38 |    33 |    71 ||   142
  Block: Buckler           |    24 |    35 |    30 ||    89
         Reflection        |       |     1 |       ||     1

Table legend: (Time is in decaauts)
 A = Elapsed time spent in this place.
 B = Non-inter-level travel time spent in this place.
 C = Inter-level travel time spent in this place.
 D = Time resting spent in this place.
 E = Time spent auto-exploring this place.
 F = Levels seen in this place.
 G = Mean time per level.
                   A        B        C        D        E       F      G
               +--------+--------+--------+--------+--------+-----+--------+
         Total |   7101 |   6930 |    171 |   1835 |   2778 |   8 |  887.6 |
       Dungeon |   7016 |   6858 |    158 |   1835 |   2778 |   7 | 1002.3 |
        Temple |     84 |     71 |     13 |      0 |      0 |   1 |   84.0 |
               +--------+--------+--------+--------+--------+-----+--------+

Top non-repeatable levels by time:
     D:6: 1345 daAuts
     D:1: 1338 daAuts
     D:3: 1260 daAuts
     D:2: 880 daAuts
     D:5: 816 daAuts
     D:7: 727 daAuts
     D:4: 648 daAuts
  Temple: 84 daAuts
